 Dungeon Crawl Stone Soup version 0.30-a0-347-gf58ed5266c (webtiles) character file.

Game seed: 2897079060996628906

4410 themarg the Martial Artist (level 10, -7/76 HPs)
             Began as a Gnoll Transmuter on Nov 6, 2022.
             Was a Follower of Ashenzari.
             Mangled by a two-headed ogre
             ... wielding a +0 giant club
              (36 damage)
             ... on level 8 of the Dungeon.
             The game lasted 00:31:01 (8547 turns).

themarg the Martial Artist (Gnoll Transmuter)       Turns: 8547, Time: 00:31:02

Health: -7/76      AC:  2    Str:  9    XL:     10   Next: 36%
Magic:  18/21      EV: 25    Int: 16    God:    Ashenzari [*.....]
Gold:   358        SH:  5    Dex: 19    Spells: 17/23 levels left

rFire   + . .      SeeInvis .      - Unarmed
rCold   + . .      Faith    .    (shield currently unavailable)
rNeg    . . .      Spirit   .    (body armour currently unavailable)
rPois   x          Reflect  +    (helmet currently unavailable)
rElec   .          Harm     .    (cloak currently unavailable)
rCorr   .          Rampage  .    (gloves currently unavailable)
Will    .....                    (boots currently unavailable)
Stlth   +++.......               i - amulet of Ashenzari's Burden {Reflect SH+5, Melee, Comp} (curse)
HPRegen 0.32/turn                C - ring of protection from cold
MPRegen 0.17/turn                O - ring of protection from fire

@: spider-form
A: venomous fangs, tiny, (fangs 1), strong nose, distributed training
a: End Transformation, Renounce Religion, Shatter the Chains


You were on level 8 of the Dungeon.
You worshipped Ashenzari.
Ashenzari was aware of your devotion.
You were a venomous arachnid creature.
You visited 2 branches of the dungeon, and saw 9 of its levels.
You also visited: Sewer.

You collected 358 gold pieces.

Inventory:

Hand Weapons
 e - a +1 short sword (melded)
Missiles
 c - 73 stones
 m - 7 poisoned darts
 x - 7 boomerangs
 Q - 4 atropa-tipped darts
Armour
 a - a +0 robe (melded)
 B - a scarf of shadows
 M - the cursed +1 pair of boots "Thunder Perfect Mind" (melded) {Elem, Self}
   (You found it on level 5 of the Dungeon)

   It has a curse which improves the following skills: Elements: Fire Magic, Ice
   Magic, Air Magic and Earth Magic.
   Introspection: Fighting and Spellcasting.
Jewellery
 i - the cursed amulet of Ashenzari's Burden (around neck) {Reflect SH+5, Melee, Comp}
   (You found it on level 1 of the Dungeon)

   [amulet of reflection]

   It reflects blocked missile attacks.
   SH:        It affects your SH (+5).
   It has a curse which improves the following skills: Melee Combat: Short
   Blades, Long Blades, Axes, Maces & Flails, Polearms, Staves and Unarmed
   Combat.
   Companions: Summonings and Necromancy.
 l - an amulet of magic regeneration
 C - a ring of protection from cold (left front leg)
 O - a ring of protection from fire (right front leg)
Wands
 u - a wand of polymorph (14)
 D - a wand of digging (2)
 S - a wand of mindburst (13)
Scrolls
 j - 3 scrolls of teleportation
 p - 4 scrolls of magic mapping
 q - a scroll of silence
 r - a scroll of blinking
 v - a scroll of vulnerability
 w - a scroll of poison
 y - a scroll of fear
 z - 2 scrolls of enchant armour
 A - a scroll of amnesia
 E - 2 scrolls of enchant weapon
 G - a scroll of summoning
 N - 2 scrolls of butterflies
 P - 2 scrolls of identify
Potions
 b - 2 potions of lignification
 d - a potion of resistance
 f - 2 potions of mutation
 g - 2 potions of might
 h - 2 potions of heal wounds
 k - a potion of berserk rage
 n - 3 potions of curing
 o - 2 potions of ambrosia
 s - 2 potions of flight
 t - a potion of degeneration
 F - a potion of invisibility
 H - 3 potions of brilliance
 I - a potion of magic
 J - 2 potions of cancellation
 K - 2 potions of attraction
 L - a potion of haste
 R - 2 potions of experience


   Skills:
 + Level 6.0 Fighting
 + Level 5.4(6.2) Short Blades
 + Level 5.4(6.2) Long Blades
 + Level 5.4(6.2) Axes
 + Level 5.4(6.2) Maces & Flails
 + Level 5.4(6.2) Polearms
 + Level 5.4(6.2) Staves
 + Level 5.4 Ranged Weapons
 + Level 5.4 Throwing
 + Level 5.4 Armour
 + Level 7.1 Dodging
 + Level 5.4 Stealth
 + Level 5.4 Shields
 + Level 8.6(9.4) Unarmed Combat
 + Level 7.4 Spellcasting
 + Level 4.4 Conjurations
 + Level 4.4 Hexes
 + Level 4.4(5.2) Summonings
 + Level 4.4(5.2) Necromancy
 + Level 4.4 Translocations
 + Level 5.9 Transmutations
 + Level 4.4 Fire Magic
 + Level 4.4 Ice Magic
 + Level 4.4 Air Magic
 + Level 4.4 Earth Magic
 + Level 4.4 Poison Magic
 + Level 5.9 Invocations
 + Level 5.4 Evocations


You had 17 spell levels left.
You knew the following spells:

 Your Spells              Type           Power      Damage    Failure   Level
a - Beastly Appendage     Tmut           50%        N/A       5%          1
b - Wereblood             Tmut           25%        N/A       7%          2
c - Spider Form           Tmut/Pois      22%        N/A       13%         3

Your spell library contained the following spells:

 Spells                   Type           Power      Damage    Failure   Level
 Necrotise                Necr           88%        1d8       6%          1
 Shock                    Conj/Air       80%        1d8       8%          1
 Slow                     Hex            80%        N/A       8%          1
 Ensorcelled Hibernation  Hex/Ice        40%        N/A       10%         2
 Vampiric Draining        Necr           22%        2d7       13%         3
 Confusing Touch          Hex            20%        N/A       16%         3
 Gell's Gravitas          Tloc           20%        N/A       16%         3
 Swiftness                Air            20%        N/A       16%         3
 Teleport Other           Tloc           20%        N/A       16%         3
 Ice Form                 Ice/Tmut       22%        N/A       32%         4
 Anguish                  Hex/Necr       10%        N/A       34%         4
 Airstrike                Air            10%        2d(2-18)  38%         4
 Manifold Assault         Tloc           20%        N/A       38%         4
 Iskenderun's Battlesphe  Conj           20%        2d7       67%         5
 Dispersal                Tloc           10%        N/A       99%         6
 Iron Shot                Conj/Erth      10%        9d3       99%         6
 Spellforged Servitor     Conj/Summ      10%        N/A       100%        7
 Disjunction              Tloc           10%        N/A       100%        8


Dungeon Overview and Level Annotations

Branches:
Dungeon (8/15)             Temple (1/1) D:5           Sewer (visited)
   Lair: D:8-11

Altars:
Ashenzari
Cheibriados
Dithmenos
Elyvilon
Fedhas
Gozag
Hepliaklqana
Kikubaaqudgha
Okawaru
Qazlal
Ru
Sif Muna
Trog
Uskayaw
Vehumet
Xom
Yredelemnul
Zin
The Shining One

Annotations:
D:2 1 exclusion
D:7 exclusions: door and steam dragon, Dowan


Innate Abilities, Weirdness & Mutations

You are a venomous arachnid creature.
You have poisonous fangs.
You are tiny and dextrous.
Your spellcasting is less reliable in this form.
Your armour is entirely melded.
You are incapable of wielding weapons or throwing items.
((You have very sharp teeth.))
Your uncanny sense of smell can sniff out nearby items.
Your experience applies equally to all skills.


Message History

The two-headed ogre is moderately wounded.
The two-headed ogre misses you.
The two-headed ogre hits you with a +0 giant spiked club!!
Your transformation is almost over.
You bite the two-headed ogre!
The two-headed ogre looks as sick as possible!
The two-headed ogre is moderately wounded.
You block the two-headed ogre's attack. The two-headed ogre misses you.
The two-headed ogre attacks as you move away!
You block the two-headed ogre's attack.
The two-headed ogre hits you with a +0 giant spiked club!
You hit the two-headed ogre.
The two-headed ogre looks as sick as possible!
The two-headed ogre is severely wounded.
The two-headed ogre closely misses you.
The two-headed ogre completely misses you.
You hit the two-headed ogre but do no damage.
The two-headed ogre looks as sick as possible!
The two-headed ogre is heavily wounded.
The two-headed ogre attacks as you move away!
You block the two-headed ogre's attack.
The two-headed ogre hits you with a +0 giant spiked club!!
Your transformation has ended.
Your +1 short sword unmelds from your body.
The cursed +1 pair of boots "Thunder Perfect Mind" {Elem, Self} unmelds from your body.
Your +0 robe unmelds from your body.
Casting: Spider Form (dangerous; 3% risk of failure)
Confirm with . or Enter, or press ? or * to list all spells.
You turn into a venomous arachnid creature.
Your +1 short sword melds into your body.
The cursed +1 pair of boots "Thunder Perfect Mind" {Elem, Self} melds into your body.
Your +0 robe melds into your body.
The two-headed ogre completely misses you. x2
You bite the two-headed ogre!
The two-headed ogre looks as sick as possible!
The two-headed ogre is almost dead.
The two-headed ogre closely misses you. x2
The two-headed ogre attacks as you move away!
The two-headed ogre hits you with a +0 giant club!!!
You die...

..###..........#####..
)###...........### ..
....##......#....#
.......#.#.##....####
##.....#.####.#.....#
####..#..# #.####..##
##.#.##..# #...##...##
#.....##.####.........#
..###..#[.......s##...#
..###..#.......O####..#
...##.##.>#..#...# ####
##..#.#...####..O#
###........###...# #
#....##........#
#.......###....##
#...............#
....##..........#


You could see a two-headed ogre (extremely poisoned).

Vanquished Creatures
  Sigmund (D:2)
  A wyvern (D:7)
  An acid dragon (D:4)
  2 water moccasins
  4 ice beasts
  2 sky beasts
  3 black bears
  7 ogres
  A centaur (D:7)
  2 phantoms
  A gnoll sergeant (D:7)
  3 scorpions
  7 bullfrogs
  4 necrophages
  4 wights (D:6)
  2 jellies
  5 hounds
  3 orc priests
  A gnoll bouda (D:8)
  An iguana (D:4)
  Terence (D:2)
  7 orc wizards
  8 gnolls
  10 river rats (Sewer)
  10 adders
  2 shadow imps
  2 white imps
  4 worms
  A dart slug (D:3)
  25 orcs
  12 ball pythons
  2 bats (D:3)
  14 endoplasms
  6 giant cockroaches
  10 goblins
  10 hobgoblins
  5 jackals
  9 quokkas
  5 frilled lizards
  9 kobolds
  33 rats
240 creatures vanquished.

Vanquished Creatures (others)
  24 plants (D:2)
24 creatures vanquished.

Grand Total: 264 creatures vanquished

Notes
Turn   | Place    | Note
-------+----------+-------------------------------------------
     0 | D:1      | themarg the Gnoll Transmuter began the quest for the Orb.
     0 | D:1      | Reached XP level 1. HP: 17/17 MP: 6/6
    89 | D:1      | Reached XP level 2. HP: 22/23 MP: 7/7
   471 | D:1      | Learned a level 2 spell: Wereblood
   790 | D:1      | Reached skill level 5 in Spellcasting
   790 | D:1      | Reached XP level 3. HP: 28/28 MP: 6/9
   794 | D:1      | Learned a level 3 spell: Spider Form
  1066 | D:2      | Reached skill level 1 in Invocations
  1192 | D:2      | Noticed Terence
  1479 | D:2      | Noticed Sigmund
  1489 | D:2      | Killed Sigmund
  1490 | D:2      | Reached skill level 1 in Short Blades
  1490 | D:2      | Reached skill level 1 in Long Blades
  1490 | D:2      | Reached skill level 1 in Axes
  1490 | D:2      | Reached skill level 1 in Maces & Flails
  1490 | D:2      | Reached skill level 1 in Polearms
  1490 | D:2      | Reached skill level 1 in Staves
  1490 | D:2      | Reached skill level 1 in Ranged Weapons
  1490 | D:2      | Reached skill level 1 in Throwing
  1490 | D:2      | Reached skill level 1 in Armour
  1490 | D:2      | Reached skill level 1 in Stealth
  1490 | D:2      | Reached skill level 1 in Shields
  1490 | D:2      | Reached skill level 1 in Conjurations
  1490 | D:2      | Reached skill level 1 in Hexes
  1490 | D:2      | Reached skill level 1 in Summonings
  1490 | D:2      | Reached skill level 1 in Necromancy
  1490 | D:2      | Reached skill level 1 in Translocations
  1490 | D:2      | Reached skill level 1 in Fire Magic
  1490 | D:2      | Reached skill level 1 in Ice Magic
  1490 | D:2      | Reached skill level 1 in Air Magic
  1490 | D:2      | Reached skill level 1 in Earth Magic
  1490 | D:2      | Reached skill level 1 in Poison Magic
  1490 | D:2      | Reached skill level 1 in Evocations
  1490 | D:2      | Reached XP level 4. HP: 23/35 MP: 8/11
  1490 | D:2      | Reached XP level 5. HP: 27/41 MP: 8/12
  1989 | D:2      | Killed Terence
  1990 | D:2      | Reached XP level 6. HP: 45/47 MP: 10/14
  2339 | D:3      | Noticed a sky beast
  2370 | D:3      | Reached skill level 5 in Dodging
  2746 | D:3      | Found a faded altar of an unknown god.
  2751 | D:3      | Got Plato's Omnibus of Despicable Mysteries
  3017 | D:3      | Killed a sky beast
  3129 | D:4      | Reached XP level 7. HP: 52/52 MP: 10/15
  3133 | D:4      | Reached skill level 7 in Unarmed Combat
  4030 | D:4      | Identified the +3 war axe of the Slime-mould {speed, Contam
                  | rElec rC- rN++}
  4264 | D:4      | Reached XP level 8. HP: 60/60 MP: 14/16
  4629 | D:5      | Entered Level 5 of the Dungeon
  4793 | D:5      | Found a glowing drain.
  4817 | Sewer    | Entered a sewer
  5110 | Sewer    | Reached skill level 5 in Transmutations
  5385 | D:5      | Found a staircase to the Ecumenical Temple.
  5391 | Temple   | Entered the Ecumenical Temple
  5437 | Temple   | Became a worshipper of Ashenzari the Shackled
  5485 | D:5      | Reached XP level 9. HP: 62/66 MP: 15/18
  5987 | D:6      | Reached skill level 5 in Fighting
  6216 | D:6      | Reached skill level 8 in Unarmed Combat
  6484 | D:6      | Reached skill level 5 in Invocations
  7326 | D:7      | Reached skill level 5 in Short Blades
  7326 | D:7      | Reached skill level 5 in Long Blades
  7326 | D:7      | Reached skill level 5 in Axes
  7326 | D:7      | Reached skill level 5 in Maces & Flails
  7326 | D:7      | Reached skill level 5 in Polearms
  7326 | D:7      | Reached skill level 5 in Staves
  7326 | D:7      | Reached skill level 5 in Ranged Weapons
  7326 | D:7      | Reached skill level 5 in Throwing
  7326 | D:7      | Reached skill level 5 in Armour
  7326 | D:7      | Reached skill level 5 in Stealth
  7326 | D:7      | Reached skill level 5 in Shields
  7326 | D:7      | Reached skill level 5 in Evocations
  7326 | D:7      | Reached XP level 10. HP: 20/76 MP: 17/20
  7535 | D:7      | Noticed Dowan
  7766 | D:7      | Reached * piety under Ashenzari
  7804 | D:7      | Identified the cursed +1 pair of boots "Thunder Perfect
                  | Mind" {Elem, Self} (You found it on level 5 of the Dungeon)
  7938 | D:7      | Noticed a cyan ugly thing
  7938 | D:7      | Noticed a two-headed ogre
  8526 | D:8      | Noticed a two-headed ogre
  8547 | D:8      | Mangled by a two-headed ogre

Illustrated notes

Levels and vault maps discovered:
D:1:      dpeg_arrival_radiant, layout_loops_ring
D:2:      layout_basic, serial_bayou, serial_bayou_ford_a,
          serial_bayou_lagoon_b, serial_bayou_shore_a, serial_bayou_lake_a,
          uniq_crazy_yiuf_cottage, uniq_sigmund, uniq_terence
D:3:      layout_rooms, shapermc_ecumenical_altar_rom_forum,
          hangedman_abyss_or_decor_lesser_grid
D:4:      minmay_octagon_keep, layout_basic
D:5:      layout_rooms, minmay_temple_entry_hall, portal_sewer_entry_f,
          kennysheep_big_empty_room
D:6:      layout_rooms, corexii_corridor_pit, st_stairs_2,
          minmay_misc_feat_columns, dk_noncrumbling_4
D:7:      cheibrodos_barr_body, layout_basic, kennysheep_cluttered_room,
          minmay_misc_feat_enclosed, uniq_duvessa
D:8:      layout_cave_pools
Temple:   hellmonk_temple_of_storms

Skill      XL: |  1  2  3  4  5  6  7  8  9 10 |
---------------+-------------------------------+-----
Spellcasting   | 5 6 7 |  7.4
Invocations    | 1 2 3 4 5 |  5.9
Fighting       | 3 4 5 6 |  6.0
Short Blades   | 1 2 3 5 |  5.4
Long Blades    | 1 2 3 5 |  5.4
Axes           | 1 2 3 5 |  5.4
Maces & Flails | 1 2 3 5 |  5.4
Polearms       | 1 2 3 5 |  5.4
Staves         | 1 2 3 5 |  5.4
Ranged Weapons | 1 2 3 5 |  5.4
Throwing       | 1 2 3 5 |  5.4
Armour         | 1 2 3 5 |  5.4
Stealth        | 1 2 3 5 |  5.4
Shields        | 1 2 3 5 |  5.4
Conjurations   | 1 2 3 4 |  4.4
Hexes          | 1 2 3 4 |  4.4
Summonings     | 1 2 3 4 |  4.4
Necromancy     | 1 2 3 4 |  4.4
Translocations | 1 2 3 4 |  4.4
Transmutations | 4 5 |  5.9
Fire Magic     | 1 2 3 4 |  4.4
Ice Magic      | 1 2 3 4 |  4.4
Air Magic      | 1 2 3 4 |  4.4
Earth Magic    | 1 2 3 4 |  4.4
Poison Magic   | 1 2 3 4 |  4.4
Evocations     | 1 2 3 5 |  5.4
Dodging        | 5 6 7 |  7.1
Unarmed Combat | 7 8 |  8.6

Action                   |  1- 3 |  4- 6 |  7- 9 | 10-12 || total
-------------------------+-------+-------+-------+-------++-------
Melee: Unarmed           |    12 |    58 |   402 |   106 ||   578
       Short sword       |    71 |    28 |     5 |     2 ||   106
       Kick              |    19 |     9 |       |       ||    28
       Headbutt          |    14 |     4 |       |       ||    18
       Bite              |     1 |     3 |       |       ||     4
 Cast: Beastly Appendage |    24 |    11 |       |       ||    35
       Spider Form       |     1 |    14 |    56 |    13 ||    84
       Wereblood         |     1 |     3 |     8 |     2 ||    14
Invok: Curse Item        |       |       |     1 |     1 ||     2
  Use: Scroll            |       |     4 |     8 |       ||    12
       Potion            |       |       |       |     1 ||     1
 Stab: Sleeping          |     1 |     2 |     7 |       ||    10
       Distracted        |       |       |     1 |       ||     1
Armor: Robe              |     3 |     4 |     1 |       ||     8
       Skin              |       |     2 |    14 |     1 ||    17
Dodge: Dodged            |    29 |    47 |   292 |    75 ||   443
Block: Other             |     8 |    16 |    56 |    28 ||   108

Table legend: (Time is in decaauts)
 A = Elapsed time spent in this place.
 B = Non-inter-level travel time spent in this place.
 C = Inter-level travel time spent in this place.
 D = Time resting spent in this place.
 E = Time spent auto-exploring this place.
 F = Levels seen in this place.
 G = Mean time per level.
                   A        B        C        D        E       F      G
               +--------+--------+--------+--------+--------+-----+--------+
         Total |   8610 |   8346 |    264 |   1658 |   4600 |  10 |  861.0 |
       Dungeon |   8196 |   7946 |    250 |   1635 |   4584 |   8 | 1024.5 |
        Temple |     61 |     47 |     14 |      0 |     16 |   1 |   61.0 |
         Sewer |    351 |    351 |      0 |     23 |      0 |   1 |  351.0 |
               +--------+--------+--------+--------+--------+-----+--------+

Top non-repeatable levels by time:
     D:4: 1796 daAuts
     D:2: 1437 daAuts
     D:7: 1212 daAuts
     D:6: 1121 daAuts
     D:3: 885 daAuts
     D:1: 878 daAuts
     D:5: 623 daAuts
   Sewer: 351 daAuts
     D:8: 240 daAuts
  Temple: 61 daAuts
